 Dungeon Crawl Stone Soup version 0.29.1-1-gd02db6906a (webtiles) character file.

Game seed: 3292553426739730283

2 raistware the Conjurer (level 1, 0/11 HPs)
             Began as an Octopode Conjurer on Sept 29, 2022.
             Slain by a jackal (1 damage)
             ... on level 1 of the Dungeon.
             The game lasted 00:00:14 (113 turns).

raistware the Conjurer (Octopode Conjurer)           Turns: 113, Time: 00:00:14

Health: 0/11       AC:  1    Str:  6    XL:     1   Next: 30%
Magic:  3/3        EV: 13    Int: 20    God:
Gold:   15         SH:  0    Dex: 10    Spells: 3/4 levels left

rFire   . . .      SeeInvis .   (no weapon)
rCold   . . .      Faith    .   (no shield)
rNeg    . . .      Spirit   .   (helmet restricted)
rPois   .          Reflect  .   (no amulet)
rElec   .          Harm     .   (no ring)
rCorr   .          Rampage  .   (no ring)
Will    .....                   (no ring)
Stlth   +++.......              (no ring)
HPRegen 0.03/turn               (no ring)
MPRegen 0.08/turn               (no ring)
                                (no ring)
                                (no ring)

@: no status effects
A: almost no armour, amphibious, 8 rings, camouflage 1, gelatinous body 1,
(nimble swimmer 1), tentacles
a: no special abilities


You were on level 1 of the Dungeon.
You visited 1 branch of the dungeon, and saw 1 of its levels.

You collected 15 gold pieces.

Inventory:

Potions
 a - a potion of magic


   Skills:
 - Level 2.0 Dodging
 - Level 2.6 Stealth
 + Level 2.1 Spellcasting
 - Level 4.0 Conjurations


You had 3 spell levels left.
You knew the following spells:

 Your Spells              Type           Power      Damage    Failure   Level
a - Magic Dart            Conj           72%        1d6       3%          1

Your spell library contained the following spells:

 Spells                   Type           Power      Damage    Failure   Level
 Searing Ray              Conj           36%        2d5       4%          2
 Dazzling Flash           Conj/Hex       20%        N/A       21%         3
 Fulminant Prism          Conj/Hex       5%         3d7       56%         4
 Iskenderun's Mystic Bla  Conj/Tloc      10%        2d4       56%         4


Dungeon Overview and Level Annotations

Branches:
Dungeon (1/15)

Altars:


Innate Abilities, Weirdness & Mutations

You cannot wear most types of armour.
You are amphibious.
You can wear up to eight rings at the same time.
Your skin changes colour to match your surroundings (Stealth+).
Your rubbery body absorbs attacks. (AC +1, EV +1)
((You are camouflaged when in or above water. (Stealth+)))
You have tentacles for arms and can constrict up to eight enemies at once.


Message History

You see here a +0 ring mail.
You see here a +0 ring mail.
You open the door.
A kobold comes into view. It is wielding a +0 short sword.
Found 15 gold pieces.
The magic dart hits the kobold.
You kill the kobold!
You can't see any susceptible monsters within range! (Use Z to cast anyway.)
There is an open door here.
You now have 15 gold pieces.
Things that are here:
a +0 short sword; 5 stones; a kobold corpse You open the door.
There is an open door here.
A jackal comes into view.
The jackal barks!
You hear a bark!
The jackal moves out of view.
You hear a bark!
A jackal comes into view. x2
You barely miss the jackal. Your grab misses the jackal.
The jackal barely misses you.
You tentacle-slap the jackal but do no damage.
Your grab misses the jackal. You squeeze the jackal.
The jackal is severely wounded.
The jackal closely misses you.
You barely miss the jackal. Your grab misses the jackal.
Your squeeze misses the jackal.
The jackal is severely wounded.
You closely miss the jackal. Your grab misses the jackal.
Your squeeze misses the jackal. The jackal misses you.
You closely miss the jackal. Your grab misses the jackal.
The jackal bites you. x2
You closely miss the jackal. Your grab misses the jackal.
The jackal is severely wounded.
The jackal bites you. The jackal bites you. x2
* * * LOW HITPOINT WARNING * * *
The jackal attacks as you move away!
The jackal bites you but does no damage.
The jackal attacks as you move away! The jackal bites you.
You die...

#......# #..
#......# #.#
#......# #.#
#......# #.#
#####......######.#
.
#...').....'.......
...
#.###......####+###
.....##h###..#####
#§.≈§≈
......h.@.......
#≈≈§≈.
####.##h###...#.
#.#≈≈... # #.#
#...# ##...≈.<. ..#
#...# #.#§§§§. ##.#
.P♣.P # #≈≈§§§ #..
#§§≈§§ ... ##+###
..P


You could see 3 jackals.

Vanquished Creatures
  A hobgoblin (D:1)
  A kobold (D:1)
2 creatures vanquished.

Notes
Turn   | Place    | Note
-------+----------+-------------------------------------------
     0 | D:1      | raistware the Octopode Conjurer began the quest for the
                  | Orb.
     0 | D:1      | Reached XP level 1. HP: 11/11 MP: 3/3
   113 | D:1      | Slain by a jackal

Illustrated notes

Levels and vault maps discovered:
D:1:      ncdulo_lavacross, layout_basic, serial_forest,
          infiniplex_forest_end_1, infiniplex_forest_clump_small,
          infiniplex_forest_clump_cross, infiniplex_forest_clump_small,
          infiniplex_forest_lined_ring, infiniplex_forest_lined_2,
          infiniplex_forest_clump_cross, bh_walls_and_bars

Action                   || total
-------------------------++-------
Melee: Unarmed           ||     6
       Tentacles         ||     1
 Cast: Magic Dart        ||     4
Armor: Skin              ||     1
Dodge: Dodged            ||     3
